 Dungeon Crawl Stone Soup version 0.23.1 (webtiles) character file.

Game seed: 13494258804410510415

3366 Borgoz the Skirmisher (level 10, -6/81 (83) HPs)
             Began as a Ghoul Enchanter on Mar 3, 2019.
             Was a Believer of Ashenzari.
             Mangled by an eight-headed hydra (8 damage)
             ... on level 10 of the Dungeon.
             The game lasted 00:18:18 (10217 turns).

Borgoz the Skirmisher (Ghoul Enchanter)            Turns: 10217, Time: 00:18:20

HP:   -6/81 (83)    AC:  9    Str: 13    XL:     10   Next: 3%
MP:   14/14         EV: 13    Int: 14    God:    Ashenzari [**....]
Gold: 428           SH:  0    Dex: 12    Spells: 9/16 levels left

rFire    + + .     SeeInvis .   a - +2 dagger (venom)
rCold    + + .     Gourm    .   (no shield)
rNeg     + + +     Faith    .   D - +1 ring mail {rF+}
rPois    ∞         Spirit   .   u - +0 helmet
rElec    +         Reflect  .   o - +0 cloak (curse)
rCorr    +         Harm     .   (no gloves)
MR       .....                  (no boots)
Stlth    +++.......             (no amulet)
HPRegen  0.00/turn              F - ring of stealth
MPRegen  0.14/turn              c - +4 ring of intelligence (curse)

@: resistant, rotting
A: rotting body, claws 1, carnivore, cold resistance 1, negative energy
resistance 3, inhibited regeneration, torment resistance, unbreathing
a: Curse Item, Scrying, Renounce Religion


You were on level 10 of the Dungeon.
You worshipped Ashenzari.
Ashenzari was pleased with you.
You were not hungry.

You visited 2 branches of the dungeon, and saw 12 of its levels.

You collected 428 gold pieces.

Inventory:

Hand Weapons
 a - a +2 dagger of venom (weapon)
 b - a +0 blowgun
 y - a +2 dagger of flaming
 M - a +1 short sword of venom
Missiles
 f - 2 throwing nets (quivered)
 k - 7 tomahawks
 l - 64 poisoned needles
 C - 4 needles of frenzy
Armour
 m - a +2 leather armour of positive energy
 o - a cursed +0 cloak (worn)
 u - a +0 helmet (worn)
 D - a +1 ring mail of fire resistance (worn)
Jewellery
 c - a cursed +4 ring of intelligence (right claw)
 h - an uncursed ring of magical power
 F - a ring of stealth (left claw)
 G - the ring "Joips" {AC+2 Str+3 Dex+2}
   (You found it on level 9 of the Dungeon)

   [ring of protection]

   It affects your AC (+2).
   It affects your strength (+3).
   It affects your dexterity (+2).
Wands
 g - a wand of iceblast (10)
 w - a wand of random effects (27)
 A - a wand of polymorph (10)
 E - a wand of clouds (5)
 J - a wand of digging (4)
 K - a wand of flame (25)
Scrolls
 e - 4 scrolls of magic mapping
 n - a scroll of enchant weapon {unknown}
 q - 7 scrolls of teleportation
 r - 5 scrolls of fear
 t - 2 scrolls of enchant armour {unknown}
 v - a scroll of fog {unknown}
 x - 4 scrolls of remove curse
 z - 2 scrolls of immolation {unknown}
 B - a scroll of amnesia {unknown}
 I - a scroll of holy word {unknown}
 L - a scroll of blinking {unknown}
Potions
 i - a potion of magic
 j - 2 potions of flight
 p - 4 potions of agility
 s - a potion of brilliance
Comestibles
 d - 16 rations


   Skills:
 * Level 6.0 Fighting
 * Level 5.1 Short Blades
 - Level 3.0 Throwing
 * Level 4.8 Armour
 * Level 5.5 Dodging
 + Level 5.9 Stealth
 + Level 3.8 Spellcasting
 + Level 4.0 Hexes


You had 9 spell levels left.
You knew the following spells:

 Your Spells              Type           Power        Failure   Level  Hunger
a - Corona                Hex            ##.....      8%          1    None
b - Ensorcelled Hibernat  Hex/Ice        #.....       26%         2    ##.....
c - Confuse               Hex            ##......     22%         3    ###....
d - Confusing Touch       Hex            ##....       8%          1    None

Your spell library contained the following spells:

 Spells                   Type           Power        Failure   Level  Hunger
 Slow                     Hex            ##......     11%         2    ##.....
 Tukima's Dance           Hex            ##......     22%         3    ###....
 Animate Skeleton         Necr           N/A          36%         1    None
 Apportation              Tloc           #.....       36%         1    None
 Magic Dart               Conj           #...         36%         1    None
 Summon Small Mammal      Summ           #...         36%         1    None
 Dazzling Spray           Conj/Hex       #.....       45%         3    ###....
 Blink                    Tloc           N/A          52%         2    ##.....
 Call Imp                 Summ           #.......     52%         2    ##.....
 Searing Ray              Conj           #.....       52%         2    ##.....
 Conjure Flame            Conj/Fire      #.......     75%         3    ###....
 Mephitic Cloud           Conj/Pois/Air  #.......     75%         3    ###....
 Fulminant Prism          Conj/Hex       #.........   86%         4    ####...
 Force Lance              Conj/Tloc      #.......     98%         4    ####...
 Iskenderun's Mystic Bla  Conj           #.......     98%         4    ####...


Dungeon Overview and Level Annotations

Branches:
Dungeon (11/15)            Temple (1/1) D:4             Orc (0/2) D:10
   Lair: D:8-11

Altars:
Ashenzari
Cheibriados
Dithmenos
Elyvilon
Fedhas
Gozag
Hepliaklqana
Kikubaaqudgha
Makhleb
Nemelex Xobeh
Okawaru
Qazlal
Ru
Sif Muna
Trog
Uskayaw
Vehumet
Wu Jian
Xom
Yredelemnul
Zin
The Shining One

Shops:
D:6 =

Annotations:
D:9 1 runed translucent door, Arum's ghost, novice MiGl


Innate Abilities, Weirdness & Mutations

Your body is rotting away.
You thrive on raw meat.
You are immune to poison.
You have sharp fingernails.
You are carnivorous and can eat meat at any time.
Your flesh is cold resistant. (rC+)
You are immune to negative energy. (rN+++)
You do not regenerate when monsters are visible.
You are immune to unholy pain and torment.
You can survive without breathing.


Message History

It is covered in frost.
The centaur shoots an arrow.
The arrow hits you! The arrow freezes you.
There is an open door here.
You see here an arrow.
You hit the eight-headed hydra.
The eight-headed hydra is lightly wounded.
The eight-headed hydra bites you. x2
The eight-headed hydra bites you but does no damage.
The eight-headed hydra misses you. The eight-headed hydra bites you! x2
* * * LOW HITPOINT WARNING * * *
The eight-headed hydra closely misses you.
The eight-headed hydra bites you.
* * * LOW HITPOINT WARNING * * *
It was a potion of resistance.
You feel protected. The eight-headed hydra bites you!
* * * LOW HITPOINT WARNING * * *
The eight-headed hydra barely misses you. x2
The eight-headed hydra bites you!
You die...

.# * , +........# .# *
#........# ## * #........#
# ####..#### ## * ##.####
.########+###### #.....#
.'....#........#####.....#
.####.'........##........#
.# ###.......cD@.##.....#
.# #.......)#####.....# .#
#....[..(# #.....# ##
#....<.>.# #.....#
#.....[..# ###.###
#...(....# .# #####'#####
+# #.....# * , #
###'###### *


You could see an eight-headed hydra and a centaur.

Vanquished Creatures
  A hippogriff (D:9)
  Duvessa (D:6)
  An ice beast (D:9)
  An ogre (D:10)
  A sky beast (D:8)
  A black bear (D:9)
  A necrophage (D:9)
  A centaur (D:7)
  A crocodile (D:9)
  3 big kobolds
  5 bullfrogs
  Dowan (D:6)
  A scorpion (D:5)
  A water moccasin skeleton (D:8)
  8 wights
  3 crimson imps
  A bullfrog zombie (D:9)
  6 hounds
  A jelly (D:10)
  5 orc priests
  3 iguanas
  12 orc wizards
  6 worker ants
  A hound zombie (D:6)
  A hound skeleton (D:5)
  A worker ant zombie (D:8)
  7 gnolls
  14 adders
  4 shadow imps
  An ooze (D:6)
  An adder zombie (D:5)
  An adder skeleton (D:8)
  A worm (D:2)
  2 dart slugs
  7 leopard geckos
  30 orcs
  2 giant cockroaches
  5 goblins
  9 hobgoblins
  10 jackals
  18 kobolds
  3 quokkas
  2 ball pythons
  7 bats
  8 frilled lizards
  A quokka zombie (D:8)
  9 rats
210 creatures vanquished.

Vanquished Creatures (others)
  A wight (D:7)
  3 fungi
  4 plants (D:9)
8 creatures vanquished.

Grand Total: 218 creatures vanquished

Notes
Turn   | Place    | Note
-------+----------+-------------------------------------------
     0 | D:1      | Borgoz the Ghoul Enchanter began the quest for the Orb.
     0 | D:1      | Reached XP level 1. HP: 14/14 MP: 2/2
    71 | D:1      | Reached skill level 1 in Short Blades
   285 | D:1      | Reached XP level 2. HP: 12/20 MP: 3/3
  1198 | D:2      | Reached XP level 3. HP: 27/27 MP: 5/5
  1534 | D:2      | Reached skill level 1 in Armour
  1754 | D:2      | Found a snail-covered altar of Cheibriados.
  2089 | D:3      | Reached XP level 4. HP: 34/34 MP: 6/6
  2147 | D:3      | Reached skill level 1 in Fighting
  2147 | D:3      | Reached skill level 1 in Throwing
  2935 | D:3      | Reached XP level 5. HP: 31/40 MP: 7/7
  3127 | D:4      | Found a hide-covered altar of Uskayaw.
  3149 | D:3      | Reached XP level 6. HP: 9/47 MP: 8/8
  3287 | D:3      | Reached skill level 2 in Fighting
  3381 | D:4      | Learned a level 2 spell: Ensorcelled Hibernation
  3385 | D:4      | Learned a level 3 spell: Confuse
  3433 | D:4      | Found a staircase to the Ecumenical Temple.
  3455 | Temple   | Entered the Ecumenical Temple
  3609 | Temple   | Became a worshipper of Ashenzari the Shackled
  4219 | D:5      | Entered Level 5 of the Dungeon
  4286 | D:4      | Reached XP level 7. HP: 56/56 MP: 9/9
  4533 | D:5      | Reached skill level 3 in Fighting
  4927 | D:5      | Reached * piety under Ashenzari
  5534 | D:6      | Reached XP level 8. HP: 63/63 MP: 11/11
  5535 | D:6      | Noticed Duvessa
  5535 | D:6      | Noticed Dowan
  5553 | D:6      | Killed Duvessa
  5557 | D:6      | Killed Dowan
  6104 | D:6      | Found a shimmering altar of Xom.
  6108 | D:6      | Found a shimmering altar of Xom.
  6108 | D:6      | Found a shimmering altar of Xom.
  6108 | D:6      | Found a shimmering altar of Xom.
  6110 | D:6      | Found a shimmering altar of Xom.
  6111 | D:6      | Found a shimmering altar of Xom.
  6244 | D:6      | Got the uncursed shield of Democracy {*Contam rElec Dex-2
                  | SInv}
  6601 | D:6      | Found Irhol's Jewellery Boutique.
  6757 | D:7      | Reached skill level 4 in Fighting
  6990 | D:7      | Found a blossoming altar of Fedhas.
  7079 | D:7      | Reached skill level 5 in Stealth
  7432 | D:7      | Reached XP level 9. HP: 40/72 MP: 12/12
  8378 | D:9      | Reached skill level 5 in Fighting
  8531 | D:9      | Identified the ring "Joips" {AC+2 Str+3 Dex+2}
  8573 | D:9      | Reached ** piety under Ashenzari
  8673 | D:9      | Reached skill level 5 in Dodging
  8748 | D:9      | Found a runed translucent door.
  8752 | D:9      | Identified the cursed +0 trident of War {flame, rElec
                  | rPois}
  8754 | D:9      | Noticed Arum's ghost (novice MiGl)
  8796 | D:9      | Learned a level 1 spell: Confusing Touch
  9258 | D:10     | Entered Level 10 of the Dungeon
  9319 | D:10     | Reached skill level 5 in Short Blades
  9436 | D:10     | Reached XP level 10. HP: 43/83 MP: 14/14
  9652 | D:10     | Reached skill level 6 in Fighting
  9916 | D:11     | Noticed an eight-headed hydra
 10217 | D:10     | HP: 2/81 [eight-headed hydra (10)]
 10217 | D:10     | Mangled by an eight-headed hydra

Skill      XL: |  1  2  3  4  5  6  7  8  9 10 |
---------------+-------------------------------+-----
Short Blades   | 1 2 3 4 5 |  5.1
Spellcasting   | 2 3 |  3.8
Dodging        | 2 3 4 5 |  5.5
Armour         | 1 2 3 4 |  4.8
Fighting       | 1 2 3 4 5 6 |  6.0
Throwing       | 1 2 3 |  3.0
Stealth        | 4 5 |  5.9
Hexes          | 3 4 |  4.0

Action                   |  1- 3 |  4- 6 |  7- 9 | 10-12 || total
-------------------------+-------+-------+-------+-------++-------
Melee: Dagger            |    15 |       |    37 |    56 ||   108
       Short sword       |    75 |   166 |   630 |       ||   871
Invok: Curse Item        |       |     2 |       |       ||     2
  Use: Scroll            |       |     5 |     5 |       ||    10
       Potion            |       |       |     3 |     1 ||     4
 Stab: Sleeping          |     8 |     8 |    14 |       ||    30
  Eat: Chunk             |    10 |    13 |    52 |     2 ||    77
Armor: Leather armour    |    14 |    53 |    76 |       ||   143
       Ring mail         |       |       |   186 |    16 ||   202
Dodge: Dodged            |    49 |   111 |   435 |    51 ||   646
